 Dungeon Crawl Stone Soup version 0.30-a0-341-g682706514a (webtiles) character file.

Game seed: 12288047430090404552

1828 billz999 the Skirmisher (level 9, -10/69 HPs)
             Began as a Gnoll Hunter on Nov 4, 2022.
             Was an Initiate of Kikubaaqudgha.
             Mangled by a troll (12 damage)
             ... on level 6 of the Dungeon.
             The game lasted 00:11:54 (5707 turns).

billz999 the Skirmisher (Gnoll Hunter)              Turns: 5707, Time: 00:11:54

Health: -10/69     AC:  3    Str: 10    XL:     9   Next: 11%
Magic:  15/15      EV: 15    Int:  9    God:    Kikubaaqudgha [......]
Gold:   254        SH:  0    Dex: 20    Spells: 16/16 levels left

rFire   + . .      SeeInvis .    a - +0 shortbow
rCold   + . .      Faith    .    (shield currently unavailable)
rNeg    . . .      Spirit   .    c - +0 leather armour
rPois   .          Reflect  .    (no helmet)
rElec   .          Harm     .    z - scarf {rC+ rF+}
rCorr   .          Rampage  .    (no gloves)
Will    .....                    (no boots)
Stlth   +++.......               (no amulet)
HPRegen 0.31/turn                (no ring)
MPRegen 0.14/turn                (no ring)

@: about to teleport
A: fangs 1, strong nose, distributed training
a: Renounce Religion


You were on level 6 of the Dungeon.
You worshipped Kikubaaqudgha.
Kikubaaqudgha was noncommittal.
You visited 2 branches of the dungeon, and saw 7 of its levels.
You also visited: Sewer.

You collected 254 gold pieces.

Inventory:

Hand Weapons
 a - a +0 shortbow (weapon)
 b - a +2 short sword of freezing
 r - a +0 bardiche
Armour
 c - a +0 leather armour (worn)
 z - a scarf of resistance (worn)
Magical Staves
 q - a staff of poison
Jewellery
 d - an amulet of magic regeneration
 t - a ring of wizardry
Scrolls
 f - 2 scrolls of vulnerability
 i - 3 scrolls of summoning
 j - a scroll of butterflies
 l - 3 scrolls of poison
 m - 2 scrolls of immolation
 n - 4 scrolls of teleportation
 p - a scroll of amnesia
 s - a scroll of fear {unknown}
 w - 3 scrolls of noise
 C - a scroll of blinking {unknown}
Potions
 g - 3 potions of might
 h - a potion of lignification
 k - 2 potions of heal wounds
 o - 3 potions of flight
 u - a potion of mutation
 v - a potion of resistance
 x - a potion of cancellation {unknown}
 A - 3 potions of curing
 B - a potion of ambrosia {unknown}
 D - a potion of invisibility {unknown}


   Skills:
 + Level 6.2 Fighting
 + Level 4.0 Short Blades
 + Level 4.0 Long Blades
 + Level 4.0 Axes
 + Level 4.0 Maces & Flails
 + Level 4.0 Polearms
 + Level 4.0 Staves
 + Level 9.5 Ranged Weapons
 + Level 4.0 Throwing
 + Level 4.0 Armour
 + Level 6.2 Dodging
 + Level 4.7 Stealth
 + Level 4.0 Shields
 + Level 4.0 Unarmed Combat
 + Level 4.0 Spellcasting
 + Level 3.3 Conjurations
 + Level 3.3 Hexes
 + Level 3.3 Summonings
 + Level 3.3 Necromancy
 + Level 3.3 Translocations
 + Level 3.3 Transmutations
 + Level 3.3 Fire Magic
 + Level 3.3 Ice Magic
 + Level 3.3 Air Magic
 + Level 3.3 Earth Magic
 + Level 3.3 Poison Magic
 + Level 4.5 Invocations
 + Level 4.0 Evocations


You had 16 spell levels left.
You didn't know any spells.
Your spell library contained the following spells:

 Spells                   Type           Power      Damage    Failure   Level
 Kiss of Death            Conj/Necr      28%        2d7       9%          1
 Blink                    Tloc           14%        N/A       14%         2
 Momentum Strike          Conj/Tloc      14%        3d8       14%         2
 Confusing Touch          Hex            7%         N/A       26%         3
 Lesser Beckoning         Tloc           14%        N/A       26%         3
 Dispel Undead            Necr           7%         3d8       65%         4


Dungeon Overview and Level Annotations

Branches:
Dungeon (6/15)             Temple (1/1) D:5           Sewer (visited)

Altars:
Cheibriados
Dithmenos
Elyvilon
Fedhas
Kikubaaqudgha
Nemelex Xobeh
Qazlal
Trog
Uskayaw
Vehumet
Wu Jian
Xom
Zin
The Shining One

Shops:
D:3 =


Innate Abilities, Weirdness & Mutations

You have very sharp teeth.
Your uncanny sense of smell can sniff out nearby items.
Your experience applies equally to all skills.


Message History

Your Polearms skill increases to level 4!
Your Staves skill increases to level 4!
Your Throwing skill increases to level 4!
Your Armour skill increases to level 4!
Your Shields skill increases to level 4!
Your Unarmed Combat skill increases to level 4!
Your Spellcasting skill increases to level 4!
Your Evocations skill increases to level 4!
Magic restored.
There is an open door, spattered with blood here.
Found a stone staircase leading down.
A troll comes into view.
You shoot an arrow. The arrow hits the troll.
The troll shouts!
The troll is lightly wounded.
You shoot an arrow. The arrow barely misses the troll.
You shoot an arrow. The arrow hits the troll.
The troll is lightly wounded.
You aren't carrying any items that you can evoke.
Unknown command.
You shoot an arrow. The arrow hits the troll!
The troll is lightly wounded.
The troll bites you! The troll barely misses you. The troll claws you.
The troll attacks as you move away! The troll bites you!
The troll completely misses you. The troll claws you!
Okay, then.
Fire: a) +0 shortbow
Press: ? - help, Shift-Dir - straight line, f/p - troll
Aim: a troll (lightly wounded, 69% to hit)
Unknown command.
As you read the scroll of teleportation, it crumbles to dust.
You feel strangely unstable. The troll barely misses you.
The troll closely misses you. x2
The troll attacks as you move away! The troll bites you!!
* * * LOW HITPOINT WARNING * * *
The troll claws you!
* * * LOW HITPOINT WARNING * * *
The troll claws you!
You die...
Kikubaaqudgha rasps: "You have failed me!
Welcome... death!"

.##...##...#.......#
.##...##...#.......#
###........#.......#
.##........#.......#
.#.........#.......#
.'.........#.......#
.#.........'.......#
.#....######...)T..#
.######.........@..#
.##...#............#
......#............#
......#............#
......#............#
.##...#............#
.##...#............#
..'...#............#
..#...#.....########


You could see a troll.

Vanquished Creatures
  Eustachio (D:6)
  A water moccasin (D:6)
  A sky beast (D:6)
  2 ice beasts (D:5)
  3 ogres
  A phantom (D:4)
  2 kobold brigands (Sewer)
  A gnoll sergeant (D:4)
  2 necrophages
  2 scorpions (D:5)
  2 vampire bats (D:3)
  2 orc priests (D:5)
  3 hounds
  An iguana (D:5)
  2 orc wizards (D:3)
  6 gnolls
  4 adders
  2 river rats (Sewer)
  A shadow imp (D:5)
  2 worms
  2 dart slugs
  8 orcs
  7 endoplasms
  5 giant cockroaches
  5 goblins
  7 hobgoblins
  4 jackals (Sewer)
  7 quokkas
  4 ball pythons
  12 bats
  6 frilled lizards
  14 kobolds
  9 rats
131 creatures vanquished.

Notes
Turn   | Place    | Note
-------+----------+-------------------------------------------
     0 | D:1      | billz999 the Gnoll Hunter began the quest for the Orb.
     0 | D:1      | Reached XP level 1. HP: 20/20 MP: 1/1
   268 | D:1      | Reached XP level 2. HP: 19/26 MP: 2/2
   680 | D:2      | Reached XP level 3. HP: 31/31 MP: 2/4
   717 | D:2      | Reached skill level 1 in Invocations
   871 | D:2      | Reached skill level 1 in Short Blades
   871 | D:2      | Reached skill level 1 in Long Blades
   871 | D:2      | Reached skill level 1 in Axes
   871 | D:2      | Reached skill level 1 in Maces & Flails
   871 | D:2      | Reached skill level 1 in Polearms
   871 | D:2      | Reached skill level 1 in Staves
   871 | D:2      | Reached skill level 1 in Throwing
   871 | D:2      | Reached skill level 1 in Armour
   871 | D:2      | Reached skill level 1 in Shields
   871 | D:2      | Reached skill level 1 in Unarmed Combat
   871 | D:2      | Reached skill level 1 in Spellcasting
   871 | D:2      | Reached skill level 1 in Evocations
  1318 | D:3      | Reached skill level 1 in Conjurations
  1318 | D:3      | Reached skill level 1 in Hexes
  1318 | D:3      | Reached skill level 1 in Summonings
  1318 | D:3      | Reached skill level 1 in Necromancy
  1318 | D:3      | Reached skill level 1 in Translocations
  1318 | D:3      | Reached skill level 1 in Transmutations
  1318 | D:3      | Reached skill level 1 in Fire Magic
  1318 | D:3      | Reached skill level 1 in Ice Magic
  1318 | D:3      | Reached skill level 1 in Air Magic
  1318 | D:3      | Reached skill level 1 in Earth Magic
  1318 | D:3      | Reached skill level 1 in Poison Magic
  1318 | D:3      | Reached XP level 4. HP: 30/38 MP: 5/5
  1518 | D:3      | Reached XP level 5. HP: 43/43 MP: 7/7
  1590 | D:3      | Found Xastid's Jewellery Shop.
  2410 | D:4      | Reached XP level 6. HP: 50/50 MP: 8/8
  2725 | D:4      | Reached skill level 5 in Fighting
  2725 | D:4      | Reached skill level 5 in Dodging
  3332 | D:4      | Reached XP level 7. HP: 49/56 MP: 10/10
  3464 | D:5      | Entered Level 5 of the Dungeon
  3548 | D:5      | Reached skill level 9 in Ranged Weapons
  3590 | D:5      | Found a sparkling altar of Nemelex Xobeh.
  3759 | D:5      | Reached XP level 8. HP: 35/63 MP: 12/12
  4116 | D:5      | Found a white marble altar of Elyvilon.
  4641 | D:5      | Found a staircase to the Ecumenical Temple.
  4739 | Temple   | Entered the Ecumenical Temple
  4750 | Temple   | Became a worshipper of Kikubaaqudgha
  5295 | D:6      | Found a glowing drain.
  5299 | Sewer    | Entered a sewer
  5396 | Sewer    | Reached XP level 9. HP: 30/69 MP: 14/14
  5544 | Sewer    | Found a glowing silver altar of Zin.
  5632 | D:6      | Noticed Eustachio
  5675 | D:6      | Killed Eustachio
  5690 | D:6      | Noticed a troll
  5707 | D:6      | HP: 2/69 [troll (9)]
  5707 | D:6      | Mangled by a troll

Illustrated notes

Levels and vault maps discovered:
D:1:      eino_arrival_tree_alley, layout_basic, wad_floor_pattern_1
D:2:      layout_loops_ring
D:3:      layout_basic, serial_shops, shop, roderic_batcave
D:4:      layout_gridville, fountainhead
D:5:      layout_basic, nemelex_dance_club_becter, old_standard_altar,
          temple_pool_b, nicolae_concentric_dashed_squares_wild,
          serial_park_tiny_pond, minivault_1, grunt_decor_mini_mirrors
D:6:      layout_gridville, gup_sewer_entry_bowl, serial_bayou_pond_e,
          uniq_eustachio, uniq_duvessa
Temple:   lightli_temple_of_artemis

Skill      XL: |  1  2  3  4  5  6  7  8  9 |
---------------+----------------------------+-----
Invocations    | 1 2 3 4 |  4.5
Short Blades   | 1 2 3 4 |  4.0
Long Blades    | 1 2 3 4 |  4.0
Axes           | 1 2 3 4 |  4.0
Maces & Flails | 1 2 3 4 |  4.0
Polearms       | 1 2 3 4 |  4.0
Staves         | 1 2 3 4 |  4.0
Throwing       | 1 2 3 4 |  4.0
Armour         | 1 2 3 4 |  4.0
Shields        | 1 2 3 4 |  4.0
Unarmed Combat | 1 2 3 4 |  4.0
Spellcasting   | 1 2 3 4 |  4.0
Evocations     | 1 2 3 4 |  4.0
Conjurations   | 1 2 3 |  3.3
Hexes          | 1 2 3 |  3.3
Summonings     | 1 2 3 |  3.3
Necromancy     | 1 2 3 |  3.3
Translocations | 1 2 3 |  3.3
Transmutations | 1 2 3 |  3.3
Fire Magic     | 1 2 3 |  3.3
Ice Magic      | 1 2 3 |  3.3
Air Magic      | 1 2 3 |  3.3
Earth Magic    | 1 2 3 |  3.3
Poison Magic   | 1 2 3 |  3.3
Stealth        | 3 4 |  4.7
Fighting       | 5 6 |  6.2
Dodging        | 5 6 |  6.2
Ranged Weapons | 9 |  9.5

Action                   |  1- 3 |  4- 6 |  7- 9 || total
-------------------------+-------+-------+-------++-------
Melee: Short sword       |     1 |   121 |    42 ||   164
       Bite              |       |    11 |     9 ||    20
       Punch             |       |     1 |       ||     1
 Fire: Shortbow          |    95 |    65 |   194 ||   354
Evoke: Wand              |       |     2 |    13 ||    15
  Use: Potion            |       |     1 |       ||     1
       Scroll            |       |       |    11 ||    11
 Stab: Sleeping          |       |     1 |       ||     1
Armor: Leather armour    |    11 |    28 |    16 ||    55
       Skin              |       |    17 |       ||    17
Dodge: Dodged            |    22 |    91 |    71 ||   184

Table legend: (Time is in decaauts)
 A = Elapsed time spent in this place.
 B = Non-inter-level travel time spent in this place.
 C = Inter-level travel time spent in this place.
 D = Time resting spent in this place.
 E = Time spent auto-exploring this place.
 F = Levels seen in this place.
 G = Mean time per level.
                   A        B        C        D        E       F      G
               +--------+--------+--------+--------+--------+-----+--------+
         Total |   5754 |   5400 |    354 |    285 |   4196 |   8 |  719.2 |
       Dungeon |   5412 |   5079 |    333 |    158 |   4076 |   6 |  902.0 |
        Temple |     25 |      5 |     20 |      0 |      2 |   1 |   25.0 |
         Sewer |    316 |    316 |      0 |    126 |    117 |   1 |  316.0 |
               +--------+--------+--------+--------+--------+-----+--------+

Top non-repeatable levels by time:
     D:5: 1410 daAuts
     D:3: 1117 daAuts
     D:4: 1055 daAuts
     D:2: 681 daAuts
     D:1: 610 daAuts
     D:6: 536 daAuts
   Sewer: 316 daAuts
  Temple: 25 daAuts
